 Dungeon Crawl Stone Soup version 0.19.1 (webtiles) character file.

57 Charlie the Sneak (level 4, 0/26 HPs)
             Began as a Kobold Assassin on Dec 16, 2016.
             Slain by a leopard gecko (2 damage)
             ... on level 2 of the Dungeon.
             The game lasted 00:05:13 (1746 turns).

Charlie the Sneak (Kobold Assassin)                 Turns: 1746, Time: 00:05:13

Health: 0/26       AC:  6    Str:  8    XL:     4   Next: 18%
Magic:  4/4        EV: 13    Int: 13    God:
Gold:   89         SH:  0    Dex: 16    Spells: 0 memorised, 3 levels left

rFire  . . .     SeeInvis .     b - +1 blowgun
rCold  . . .     Gourm    .     o - +0 ring mail
rNeg   . . .     Faith    .     (shield restricted)
rPois  .         Spirit   .     (no helmet)
rElec  .         Reflect  .     d - +0 cloak
rCorr  .         Harm     .     (no gloves)
MR     .....                    (no boots)
Stlth  ++........               (no amulet)
                                (no ring)
                                (no ring)

@: no status effects
A: carnivore 3
a: no special abilities


You were on level 2 of the Dungeon.
You were completely stuffed.

You visited 1 branch of the dungeon, and saw 2 of its levels.

You collected 89 gold pieces.

Inventory:

Hand Weapons
 a - a +2 dagger
 b - a +1 blowgun (weapon)
 j - a +0 mace
 q - a +0 short sword
Missiles
 e - 6 poisoned needles (quivered)
Armour
 d - a +0 cloak (worn)
 o - a +0 ring mail (worn)
Potions
 i - a potion of flight
 k - a potion of cure mutation {!q}
 l - a potion of haste
 n - a potion of curing
 p - a potion of cancellation
Comestibles
 g - 2 meat rations


   Skills:
 - Level 2.1 Fighting
 - Level 5.0 Short Blades
 - Level 2.1 Throwing
 + Level 2.3 Dodging
 - Level 5.3 Stealth


You had 3 spell levels left.
You didn't know any spells.

Dungeon Overview and Level Annotations

Branches:
Dungeon (2/15)

Altars:
Gozag
Sif Muna
Xom


Innate Abilities, Weirdness & Mutations

You are small and have problems with some larger weapons.
You are carnivorous and can eat meat at any time.


Message History

Tha ball python misses ye.
Tha ball python bites ye but does nay damage.
Tha ball python closely misses ye.
Ye barely miss tha ball python.
Tha ball python bites ye.
* * * LOW HITPOINT WARNIN'
* * * Tha ball python barely misses ye.
Tha ball python misses ye.
Tha ball python grabs ye.
Tha ball python constricts ye.
Ye hit tha ball python.
Ye kill tha ball python!
Tha leopard gecko misses ye.
Wield which item (- fer none, * ta show all)? (? fer menu, 'sc ta quit)
b - a +1 blowgun (weapon)
Tha leopard gecko closely misses ye.
Firin' (i - inventory):
e - 7 poison'd needles (quiv'red)
Press: ? - help, Shift-Dir - straight line, f - leopard gecko
Aim: a leopard gecko (clin'in') Ye shoot a poison'd needle.
Tha poison'd needle hits tha leopard gecko!
Tha leopard gecko be poison'd.
Tha leopard gecko bites ye.
Ye die...

#.# #....#
#.........
######)######.#
#.#####...
#.#.#...#,*,#.# #.#
#... ##.#..#..#,##.#
#.# ##.#
#.#..###.?#.#.# #.#
#.# ##..##.##..##.#
#.# #<#
#..##...##S.#.# #.#
#.#
#.##(.[(.##.#.####.#
#.#
#..##...##@.#......#
#.#
##..##†##l.#########
#.# #.#..#.#..#.#
#.# ##.#.....#.##
#.# #.#.#...#.#.#
#.. #############
###


You could see a leopard gecko.

Vanquished Creatures
  An adder (D:2)
  A worm (D:2)
  5 leopard geckos
  2 ball pythons (D:2)
  7 bats
  A giant cockroach (D:1)
  4 goblins
  4 hobgoblins
  A quokka (D:2)
  5 frilled lizards
  5 kobolds
  3 rats
39 creatures vanquished.

Notes
Turn   | Place    | Note
-------+----------+-------------------------------------------
     0 | D:1      | Charlie the Kobold Assassin began the quest for the Orb.
     0 | D:1      | Reached XP level 1. HP: 12/12 MP: 1/1
   135 | D:1      | Reached XP level 2. HP: 13/17 MP: 2/2
   726 | D:2      | Found an opulent altar of Gozag.
   726 | D:2      | Found a shimmering altar of Xom.
   748 | D:2      | Reached XP level 3. HP: 21/21 MP: 3/3
  1009 | D:2      | Found a deep blue altar of Sif Muna.
  1595 | D:2      | Reached skill level 5 in Short Blades
  1732 | D:2      | Reached XP level 4. HP: 7/26 MP: 4/4
  1746 | D:2      | Slain by a leopard gecko

Skill      XL: |  1  2  3 |
---------------+----------+-----
Short Blades   | 3 4 5 |  5.0
Dodging        | 2 |  2.3
Fighting       | |  2.1
Throwing       | |  2.1
Stealth        | |  5.3

Action                   |  1- 3 |  4- 6 || total
-------------------------+-------+-------++-------
Melee: Dagger            |     6 |       ||     6
       Mace              |    98 |     4 ||   102
 Fire: Blowgun           |     6 |     1 ||     7
  Use: Scroll            |     9 |       ||     9
 Stab: Sleeping          |    11 |       ||    11
  Eat: Chunk             |    11 |       ||    11
Armor: Ring mail         |    12 |     1 ||    13
       Robe              |    12 |       ||    12
Dodge: Dodged            |   118 |    17 ||   135
